 Dungeon Crawl Stone Soup version 0.31-a0-728-g01b46875f1 (webtiles) character file.

Game seed: 8976735138455783931

358 Dirtsage the Ruffian (level 6, -8/58 (59) HPs)
             Began as a Troll Shapeshifter on Sept 11, 2023.
             Was an Initiate of Ru.
             Mangled by an ogre
             ... wielding a +0 giant club
              (12 damage)
             ... on level 4 of the Dungeon.
             The game lasted 00:04:50 (2159 turns).

Dirtsage the Ruffian (Troll Shapeshifter)           Turns: 2159, Time: 00:04:50

HP:   -8/58 (59)    AC:  4    Str: 23    XL:     6   Next: 37%
MP:   5/5           EV:  9    Int:  6    God:    Ru [......]
Gold: 163           SH:  0    Dex: 11    Spells: 5/5 levels left

rFire   . .          .
                       - Unarmed
rCold   . . .        (no shield)
rNeg    . . .        a - +0 animal skin
rPois   .            (helmet currently unavailable)
rElec   .            (cloak currently unavailable)
rCorr   .            (gloves unavailable)
SInv    .            (boots unavailable)
Will    .....        (no amulet)
Stlth   +            (no ring)
HPRegen 1.09/turn    (no ring)
MPRegen 0.09/turn

%: no passive effects
@: beast-form, lightly drained
A: beast (slay +2), large, unfitting armour, claws 3, regeneration 1, shaggy fur
1, tough skin 1
a: Begin Untransformation, Renounce Religion


You were on level 4 of the Dungeon.
You worshipped Ru.
Ru was noncommittal.
You were a hulking beast.
You visited 1 branch of the dungeon, and saw 4 of its levels.

You collected 163 gold pieces.

Inventory:

Armour
 a - a +0 animal skin (worn)
 e - a +0 cloak
Talismans
 c - a beast talisman (active)
 d - a flux talisman
Scrolls
 f - a scroll of revelation
 g - a scroll of torment {unknown}
 h - a scroll of identify {unknown}
 i - a scroll of poison {unknown}
 j - a scroll of noise {unknown}
 l - a scroll of enchant weapon {unknown}
 m - a scroll of fear {unknown}
 n - a scroll of vulnerability {unknown}
 o - a scroll of enchant armour {unknown}
 p - a scroll of immolation
 t - a scroll of teleportation
Potions
 b - a potion of lignification
 k - a potion of berserk rage {unknown}
 q - a potion of attraction {unknown}
 r - a potion of magic {unknown}


   Skills:
 + Level 2.6 Fighting
 - Level 1.5 Dodging
 * Level 5.5 Unarmed Combat
 + Level 4.2 Shapeshifting


You had 5 spell levels left.
You didn't know any spells.
Your spell library was empty.

Dungeon Overview and Level Annotations

Branches:
Dungeon (4/15)
 Temple: D:4-7

Altars:
Ru


Innate Abilities, Weirdness & Mutations

You are a hulking beast.
Your limbs bulge with bestial killing power. (Slay +2)
You are too large for most types of armour.
You have claws for hands.
Your natural rate of healing is unusually fast.
You are covered in fur. (AC +1)
You have tough skin. (AC +1)


Message History

No target in view!
No target in view!
HP restored.
There is a stone staircase leading up here.
A quokka comes into view.
Health restored: 58 The quokka bites you.
You take 4 damage, and have 54/58 hp.
You miss the quokka. The quokka bites you.
You take 1 damage, and have 53/58 hp.
You claw the quokka!
You kill the quokka!
No target in view!
You see here a quokka corpse.
A giant cockroach comes into view.
Health restored: 58 A giant cockroach is nearby!
You claw the giant cockroach!
You kill the giant cockroach!
No target in view!
r - a sedimented red potion You hear the slow rusting of a drain nearby.
An ogre comes into view. It is wielding a +0 giant club.
You barely miss the ogre.
The ogre hits you with a +0 giant club!!
You take 27 damage, and have 31/58 hp.
MASSIVE DAMAGE!!
You are too injured to fight recklessly!
You are too injured to fight recklessly!
You claw the ogre!
The ogre is moderately wounded.
You claw the ogre!
The ogre is severely wounded.
The ogre hits you with a +0 giant club!!
Ouch! That really hurt!
* * * LOW HITPOINT WARNING * * *
You take 29 damage, and have 3/58 hp.
MASSIVE DAMAGE!!
You completely miss the ogre.
The ogre is severely wounded.
The ogre hits you with a +0 giant club!
You die...

### #.# ..# #.# #$#
#.# #.# #.# #O#
#####.########h#
#.....##.......#
###.....##.#.#######
....................
###.....####.#####.#
#.....# ### ###.###
#.# #.#


You could see an ogre.

Vanquished Creatures
  A phantom (D:2)
  2 orc priests (D:3)
  Crazy Yiuf (D:3)
  Jessica (D:3)
  Natasha (thrice) (D:3)
  2 adders (D:2)
  A worm (D:2)
  6 orcs (D:3)
  3 bats (D:3)
  5 endoplasms
  3 giant cockroaches
  3 goblins (D:1)
  7 hobgoblins
  11 jackals
  4 kobolds
  A quokka (D:4)
  6 ball pythons
  3 frilled lizards
  3 rats
66 creatures vanquished.

Notes
Turn   | Place    | Note
-------+----------+-------------------------------------------
     0 | D:1      | Dirtsage the Troll Shapeshifter began the quest for the
                  | Orb.
     0 | D:1      | Reached XP level 1. HP: 18/18 MP: 0/0
    44 | D:1      | Reached skill level 1 in Fighting
    95 | D:1      | Reached XP level 2. HP: 27/27 MP: 1/1
   218 | D:1      | You fall into a shaft and drop 1 floor!
   538 | D:1      | Reached XP level 3. HP: 31/33 MP: 2/2
   997 | D:2      | Noticed a phantom
  1007 | D:2      | Killed a phantom
  1008 | D:2      | Reached skill level 4 in Unarmed Combat
  1008 | D:2      | Reached XP level 4. HP: 42/42 MP: 3/3
  1091 | D:2      | Reached XP level 5. HP: 49/49 MP: 4/4
  1548 | D:3      | Found a sacrificial altar of Ru.
  1590 | D:3      | Became a worshipper of Ru the Awakened
  1648 | D:3      | Noticed Jessica
  1654 | D:3      | Killed Jessica
  1686 | D:3      | Noticed Natasha
  1687 | D:3      | Found a faded altar of an unknown god.
  1692 | D:3      | Killed Natasha
  1695 | D:3      | Reached skill level 5 in Unarmed Combat
  1698 | D:3      | Reached XP level 6. HP: 57/59 MP: 5/5
  1874 | D:3      | Noticed Natasha
  1880 | D:3      | Killed Natasha
  1971 | D:3      | Noticed Natasha
  1975 | D:3      | Killed Natasha
  2036 | D:3      | Found a runed translucent door.
  2037 | D:3      | Noticed Crazy Yiuf
  2043 | D:3      | Killed Crazy Yiuf
  2159 | D:4      | Mangled by an ogre

Illustrated notes

Levels and vault maps discovered:
D:1:      zelgadis_glass_arrival_small, layout_basic, minmay_hedge_maze,
          minmay_distorted
D:2:      layout_basic
D:3:      layout_basic, nicolae_ru_sacrificial_ziggurat,
          hellmonk_ecumenical_altar_blasted, uniq_natasha,
          uniq_crazy_yiuf_cottage, uniq_jessica
D:4:      layout_loops_ring, lemuel_zombie_altar_yredelemnul,
          mainiacjoe_overflow_24_doors, temple_fountains, gup_sewer_entry_pipe,
          uniq_blork_the_orc, uniq_grinder

Skill      XL: |  1  2  3  4  5 |
---------------+----------------+-----
Fighting       | 1 2 |  2.6
Unarmed Combat | 4 5 |  5.5
Shapeshifting  | 4 |  4.2
Dodging        | |  1.5

Action                     |  1- 3 |  4- 6 || total
---------------------------+-------+-------++-------
  Melee: Unarmed           |    79 |    70 ||   149
         Punch             |     1 |     1 ||     2
    Use: Scroll            |       |     2 ||     2
   Stab: Sleeping          |     1 |     1 ||     2
 Armour: Animal skin       |    62 |    43 ||   105
  Dodge: Dodged            |    33 |    24 ||    57

Table legend: (Time is in decaauts)
 A = Elapsed time spent in this place.
 B = Non-inter-level travel time spent in this place.
 C = Inter-level travel time spent in this place.
 D = Time resting spent in this place.
 E = Time spent auto-exploring this place.
 F = Levels seen in this place.
 G = Mean time per level.
                   A        B        C        D        E       F      G
               +--------+--------+--------+--------+--------+-----+--------+
         Total |   2147 |   2052 |     95 |      0 |   1704 |   4 |  536.8 |
       Dungeon |   2147 |   2052 |     95 |      0 |   1704 |   4 |  536.8 |
               +--------+--------+--------+--------+--------+-----+--------+

Top non-repeatable levels by time:
     D:1: 803 daAuts
     D:3: 713 daAuts
     D:2: 570 daAuts
     D:4: 60 daAuts
